 Dungeon Crawl Stone Soup version 0.31-a0-544-gceb718ecc6 (webtiles) character file.

Game seed: 16390883866974159982

536 heikuro the Shield-Bearer (level 7, -1/49 HPs)
             Began as a Formicid Fighter on Aug 15, 2023.
             Was a Follower of Hepliaklqana.
             Slain by an ogre
             ... wielding a +0 giant club
              (25 damage)
             ... on level 5 of the Dungeon.
             The game lasted 00:06:25 (2958 turns).

heikuro the Shield-Bearer (Formicid Fighter)        Turns: 2958, Time: 00:06:26

Health: -1/49      AC: 13    Str: 22    XL:     7   Next: 50%
Magic:  7/7        EV:  8    Int:  8    God:    Hepliaklqana [*.....]
Gold:   264        SH:  5    Dex: 13    Spells: 6/6 levels left

rFire   . . .        a - +0 war axe
rCold   . . .        c - +0 buckler
rNeg    . . .        k - +0 chain mail
rPois   +            (helmet unavailable)
rElec   .            t - +0 cloak
rCorr   .            p - +0 pair of gloves
SInv    +            f - +0 pair of boots
Will    .....        (no amulet) Stlth
                     h - ring of poison resistance
HPRegen 0.28/turn    (no ring)
MPRegen 0.10/turn

%: no passive effects
@: no status effects
A: reduced essence, permanent stasis, dig shafts and tunnels, antennae 3, four
strong arms
a: Dig, Shaft Self, Renounce Religion, Recall Ancestor, Ancestor Identity


You were on level 5 of the Dungeon.
You worshipped Hepliaklqana.
Hepliaklqana was aware of your devotion.
You visited 1 branch of the dungeon, and saw 5 of its levels.

You collected 264 gold pieces.

Inventory:

Hand Weapons
 a - a +0 war axe (weapon)
 m - a +2 whip of draining
Armour
 c - a +0 buckler (worn)
 f - a +0 pair of boots (worn)
 k - a +0 chain mail (worn)
 p - a +0 pair of gloves (worn)
 t - a +0 cloak (worn)
Jewellery
 h - a ring of poison resistance (left hand)
Wands
 s - a wand of light (6)
Scrolls
 e - a scroll of noise {unknown}
 g - 3 scrolls of amnesia
 j - a scroll of enchant armour {unknown}
 l - a scroll of fear {unknown}
 q - 2 scrolls of identify {unknown}
 r - a scroll of teleportation {unknown}
 u - a scroll of blinking {unknown}
 x - a scroll of immolation {unknown}
Potions
 b - 2 potions of lignification {unknown}
 d - a potion of might
 i - 3 potions of curing {unknown}
 n - a potion of berserk rage {unknown}
 o - a potion of invisibility {unknown}
 v - a potion of attraction {unknown}
 w - a potion of cancellation {unknown}


   Skills:
 + Level 4.8 Fighting
 * Level 4.8 Axes
 + Level 4.9 Armour
 + Level 5.8 Shields
 + Level 1.4 Evocations


You had 6 spell levels left.
You didn't know any spells.
Your spell library contained the following spells:

 Spells                   Type           Power      Damage    Failure   Level
 Necrotise                Necr           0%         1d4       97%         1
 Ozocubu's Armour         Ice            0%         N/A       100%        3
 Vampiric Draining        Necr           0%         2d6       100%        3
 Animate Dead             Necr           0%         N/A       100%        4
 Agony                    Necr           0%         N/A       100%        5
 Metabolic Englaciation   Hex/Ice        0%         N/A       100%        5
 Simulacrum               Ice/Necr       0%         N/A       100%        6
 Haunt                    Necr/Summ      0%         N/A       100%        7
 Infestation              Necr           0%         N/A       100%        8


Dungeon Overview and Level Annotations

Branches:
Dungeon (5/15)
 Temple: D:4-7

Altars:
Elyvilon
Gozag
Hepliaklqana

Annotations:
D:4 Grinder


Innate Abilities, Weirdness & Mutations

Your life essence is reduced to manifest your ancestor. (-10% HP)
You cannot be hasted, slowed, berserked, paralysed or teleported.
You can dig through walls and to a lower floor.
You have a pair of large antennae on your head. (SInv)
Your four strong arms can wield two-handed weapons with a shield.


Message History

You are engulfed in a cloud of soporific spores!
You fall asleep.
The sleepcap releases spores at you.
You wake up.
The orc attacks as you move away! The orc hits you with a +0 war axe.
An adder comes into view.
Found an inky potion, a curved glass wand and a robe.
The adder hisses angrily.
The sleepcap releases spores at you.
You are engulfed in a cloud of soporific spores!
You are unaffected.
You hit the sleepcap.
The sleepcap is heavily damaged.
You barely miss the orc. The sleepcap releases spores at you.
You are engulfed in a cloud of soporific spores!
You are unaffected.
Luka hits the sleepcap.
You block the orc's attack. The orc hits you but does no damage.
The sleepcap releases spores at you but does no damage.
Luka hits the sleepcap but does no damage.
The ogre closely misses Luka.
You hit the sleepcap but do no damage.
The sleepcap is severely damaged.
You hit the orc. The sleepcap releases spores at you!
You are engulfed in a cloud of soporific spores!
You are unaffected.
Luka hits the sleepcap.
You block the orc's attack.
The ogre hits Luka with a +0 giant club!!
Unknown command.
You slash the sleepcap!
You destroy the sleepcap!
You hit the orc.
You kill the orc!
You hit the adder. The adder bites you but does no damage.
Luka barely misses the ogre.
Unknown command.
You miss the adder.
The adder is lightly wounded.
The adder bites you but does no damage.
Luka barely misses the ogre.
The adder bites you but does no damage.
The ogre hits you with a +0 giant club!!
Ouch! That really hurt!
You die...

...^[../... ≈#
..........###≈#
..^..^.^.....~.
.............~.
.............~.
..!...^.....# .
......S.....#
....######@....#
#.....<.RO)...#
#.#######........
#........
.[.......
#........
#........
#........ .......


You could see the friendly Luka the ancestor, an ogre (ally target) and an
adder.

Vanquished Creatures
  Sigmund (D:3)
  An orc warrior (D:3)
  Crazy Yiuf (D:3)
  An orc priest (D:3)
  Jessica (D:2)
  A sleepcap (D:5)
  2 orc wizards (D:3)
  2 adders (D:3)
  2 worms
  A dart slug (D:1)
  7 orcs
  3 bats
  2 endoplasms
  9 hobgoblins
  2 jackals (D:1)
  4 kobolds
  3 quokkas
  10 ball pythons
  4 frilled lizards
  15 goblins
  8 rats
80 creatures vanquished.

Vanquished Creatures (collateral kills)
  A goblin (D:4)
  A hobgoblin (D:4)
2 creatures vanquished.

Grand Total: 82 creatures vanquished

Notes
Turn   | Place    | Note
-------+----------+-------------------------------------------
     0 | D:1      | heikuro the Formicid Fighter began the quest for the Orb.
     0 | D:1      | Reached XP level 1. HP: 18/18 MP: 1/1
    51 | D:1      | Reached XP level 2. HP: 24/24 MP: 2/2
   269 | D:1      | Reached XP level 3. HP: 29/29 MP: 3/3
  1079 | D:2      | Noticed Jessica
  1086 | D:2      | Reached XP level 4. HP: 37/37 MP: 4/4
  1086 | D:2      | Killed Jessica
  1815 | D:3      | Noticed an orc warrior
  1821 | D:3      | Killed an orc warrior
  1822 | D:3      | Reached skill level 5 in Shields
  1822 | D:3      | Reached XP level 5. HP: 20/42 MP: 5/5
  1822 | D:3      | Reached XP level 6. HP: 23/48 MP: 6/6
  2096 | D:3      | Found a runed translucent door.
  2097 | D:3      | Noticed Crazy Yiuf
  2106 | D:3      | Killed Crazy Yiuf
  2332 | D:3      | Found a faded altar of an unknown god.
  2355 | D:3      | Noticed Sigmund
  2366 | D:3      | Killed Sigmund
  2367 | D:3      | Reached skill level 1 in Evocations
  2367 | D:3      | Reached XP level 7. HP: 55/55 MP: 7/7
  2547 | D:3      | Prayed at the altar of an unknown god.
  2547 | D:3      | Became a worshipper of Hepliaklqana the Forgotten
  2547 | D:3      | Reached * piety under Hepliaklqana
  2897 | D:4      | Found a white marble altar of Elyvilon.
  2899 | D:4      | Found an opulent altar of Gozag.
  2942 | D:4      | Noticed Grinder
  2947 | D:5      | Entered Level 5 of the Dungeon
  2958 | D:5      | Slain by an ogre

Illustrated notes

Levels and vault maps discovered:
D:1:      roderic_crossed_star, layout_basic, wad_floor_pattern_1,
          hangedman_decor_points, hangedman_decor_push, minmay_gold_behind_fungi
D:2:      layout_loops_ring, corexii_hall_statues_x, uniq_jessica
D:3:      layout_loops_ring, hellmonk_ecumenical_altar_pennies_from_heaven,
          minmay_misc_feat_plants, minmay_misc_feat_pillars,
          kennysheep_generic_room_6, uniq_crazy_yiuf_cottage, uniq_sigmund
D:4:      layout_basic, minitemple, uniq_ijyb, uniq_natasha, uniq_grinder
D:5:      layout_rooms, minmay_temple_entry_stoned_glass,
          chequers_serial_rivers_micro_a, minmay_holes

Skill      XL: |  1  2  3  4  5  6 |
---------------+-------------------+-----
Axes           | 3 4 |  4.8
Fighting       | 4 |  4.8
Armour         | 4 |  4.9
Shields        | 5 |  5.8
Evocations     | 1 |  1.4

Action                     |  1- 3 |  4- 6 |  7- 9 || total
---------------------------+-------+-------+-------++-------
  Melee: War axe           |    78 |   111 |    11 ||   200
 Invoke: Ancestor Identity |       |       |     2 ||     2
    Use: Scroll            |       |     1 |       ||     1
         Potion            |       |     1 |       ||     1
 Armour: Scale mail        |    17 |       |       ||    17
         Chain mail        |    32 |    51 |     9 ||    92
  Dodge: Dodged            |    34 |    43 |     2 ||    79
  Block: Buckler           |    25 |    25 |     6 ||    56

Table legend: (Time is in decaauts)
 A = Elapsed time spent in this place.
 B = Non-inter-level travel time spent in this place.
 C = Inter-level travel time spent in this place.
 D = Time resting spent in this place.
 E = Time spent auto-exploring this place.
 F = Levels seen in this place.
 G = Mean time per level.
                   A        B        C        D        E       F      G
               +--------+--------+--------+--------+--------+-----+--------+
         Total |   3032 |   2917 |    115 |    124 |   2091 |   5 |  606.4 |
       Dungeon |   3032 |   2917 |    115 |    124 |   2091 |   5 |  606.4 |
               +--------+--------+--------+--------+--------+-----+--------+

Top non-repeatable levels by time:
     D:3: 1009 daAuts
     D:1: 1001 daAuts
     D:2: 808 daAuts
     D:4: 201 daAuts
     D:5: 12 daAuts
